 Dungeon Crawl Stone Soup version 0.21.0-3-g78d12a8 (webtiles) character file.

1694 shmeve the Ducker (level 9, -5/62 HPs)
             Began as an Octopode Berserker on Jan 15, 2018.
             Was an Elder of Trog.
             Slain by a gnoll shaman
             ... wielding a +0 club
              (8 damage)
             ... on level 5 of the Dungeon.
             The game lasted 00:09:36 (5546 turns).

shmeve the Ducker (Octopode Berserker)              Turns: 5546, Time: 00:09:36

Health: -5/62      AC:  1    Str: 19    XL:     9   Next: 2%
Magic:  9/9        EV: 14    Int:  9    God:    Trog [****..]
Gold:   289        SH: 16    Dex: 12    Spells: 8/8 levels left

rFire    . . .     SeeInvis .   o - +0 war axe
rCold    . . .     Gourm    .   d - +0 shield
rNeg     + . .     Faith    .   (helmet restricted)
rPois    .         Spirit   .   u - +6 amulet of reflection
rElec    .         Reflect  +   f - ring of positive energy
rCorr    .         Harm     .   (no ring)
MR       .....                  (no ring)
Stlth    ++++......             (no ring)
HPRegen  0.20/turn              (no ring)
MPRegen  0.11/turn              (no ring)
                                (no ring)
                                (no ring)

@: berserk cooldown, slowed, very slow
A: almost no armour, stealthy swim, amphibious, 8 rings, constrict 8, camouflage
1, gelatinous body 1
a: Berserk, Trog's Hand, Brothers in Arms, Burn Spellbooks, Renounce Religion


You were on level 5 of the Dungeon.
You worshipped Trog.
Trog was greatly pleased with you.
You were very hungry.

You visited 1 branch of the dungeon, and saw 5 of its levels.
You also visited: Sewer.

You collected 289 gold pieces.

Inventory:

Hand Weapons
 o - a +0 war axe (weapon)
Armour
 d - a +0 shield (worn)
Jewellery
 f - a ring of positive energy (left tentacle)
 u - a +6 amulet of reflection (around mantle)
Scrolls
 a - a scroll of fog {unknown}
 c - 3 scrolls of remove curse {unknown}
 g - 2 scrolls of fear {unknown}
 i - 5 scrolls of identify {unknown}
 j - 5 scrolls of teleportation {unknown}
 k - a scroll of noise {unknown}
 m - a scroll of enchant armour {unknown}
 n - a scroll of amnesia {unknown}
 p - 4 scrolls of magic mapping {unknown}
 s - a scroll of random uselessness {unknown}
 x - a scroll of blinking {unknown}
Potions
 e - a potion of cancellation {unknown}
 h - 3 potions of curing {unknown}
 l - a potion of brilliance {unknown}
 q - 4 potions of heal wounds {unknown}
 r - a potion of mutation {unknown}
 v - a potion of haste {unknown}
 w - 2 potions of flight {unknown}
 z - a potion of magic {unknown}
Comestibles
 b - 8 rations
 t - 6 chunks of flesh


   Skills:
 * Level 5.7 Fighting
 * Level 5.6 Axes
 * Level 5.8 Dodging
 + Level 5.8 Stealth
 * Level 5.7 Shields


You had 8 spell levels left.
You didn't know any spells.

Dungeon Overview and Level Annotations

Branches:
Dungeon (5/15)
 Temple: D:4-7

Altars:
Ashenzari
Cheibriados
Gozag
Kikubaaqudgha
Sif Muna
Trog


Innate Abilities, Weirdness & Mutations

You cannot wear most types of armour.
You are very stealthy in the water. (Stealth+)
You are amphibious.
You can wear up to eight rings at the same time.
You can use your tentacles to constrict eight enemies at once.
Your skin changes colour to match your surroundings (Stealth+).
Your rubbery body absorbs attacks. (AC +1, EV +1)


Message History

The gnoll closely misses you.
The gnoll hits you from afar with a halberd!
* * * LOW HITPOINT WARNING * * *
You block the gnoll's attack.
You fail to use your ability.
You block the gnoll's attack. You block the gnoll shaman's attack.
The gnoll barely misses you. You block the gnoll's attack.
Unknown command.
You fail to use your ability.
The gnoll closely misses you. You block the gnoll shaman's attack.
The gnoll completely misses you. The gnoll misses you.
The gnoll hits you from afar with a spear.
* * * LOW HITPOINT WARNING * * *
The gnoll shaman barely misses you.
You fail to use your ability.
The gnoll barely misses you. You block the gnoll's attack.
The gnoll hits you from afar with a spear.
* * * LOW HITPOINT WARNING * * *
The gnoll shaman hits you with a club!
You die...

.................................
###.............######.......####
......###.##..............##.#
......# #.##.##.######.##.##.#
#.##.## #.##....g# #.##.....
.....# #.#####gg# #.#####.#.
#.#### #.#####gg# #.. ..#.# ...#
#......gg# ...# ########@#
...#############)########
.<............##.##.....#
...[...#.####...........#
...........##.##........#
.......#.#.##.##......>.#
....####......#.........#
.........#.##........####
....######.##...#....#


You could see a gnoll shaman and 6 gnolls.

Vanquished Creatures
  Eustachio (D:5)
  The ghost of Holiday the Slasher, an amateur HaSk of Hepliaklqana (D:4)
  A water moccasin (D:4)
  2 ice beasts
  2 ogres
  2 big kobolds (Sewer)
  A scorpion (D:5)
  3 crimson imps
  A jelly (D:5)
  3 orc priests
  A bullfrog skeleton (D:5)
  Terence (D:2)
  An iguana (D:5)
  5 orc wizards
  2 worker ants
  8 gnolls (D:5)
  5 river rats
  8 adders
  A shadow imp (D:5)
  2 oozes
  4 worms
  2 dart slugs
  3 leopard geckos
  18 orcs
  5 giant cockroaches
  7 goblins
  2 hobgoblins
  14 jackals (D:5)
  A quokka (D:2)
  3 ball pythons
  6 bats
  6 frilled lizards
  12 kobolds
  6 rats
140 creatures vanquished.

Notes
Turn   | Place    | Note
-------+----------+-------------------------------------------
     0 | D:1      | shmeve the Octopode Berserker began the quest for the Orb.
     0 | D:1      | Reached XP level 1. HP: 16/16 MP: 1/1
   235 | D:1      | Reached XP level 2. HP: 14/21 MP: 2/2
   619 | D:2      | Reached skill level 1 in Stealth
   749 | D:2      | Reached skill level 1 in Shields
   749 | D:2      | Reached XP level 3. HP: 15/26 MP: 3/3
  1058 | D:2      | Noticed Terence
  1062 | D:2      | Killed Terence
  1062 | D:2      | Reached XP level 4. HP: 31/31 MP: 4/4
  1260 | D:2      | Found a bloodstained altar of Trog.
  1672 | D:3      | Reached ** piety under Trog
  1771 | D:3      | Reached XP level 5. HP: 35/36 MP: 5/5
  2757 | D:4      | Found a snail-covered altar of Cheibriados.
  2786 | D:4      | Found a shattered altar of Ashenzari.
  2791 | D:4      | Reached XP level 6. HP: 42/42 MP: 6/6
  2958 | D:4      | Noticed an ice beast
  2970 | D:4      | HP: 1/42 [ice beast (14)]
  2971 | D:4      | Killed an ice beast
  3278 | D:4      | Found an opulent altar of Gozag.
  3359 | D:4      | Noticed Holiday's ghost (amateur HaSk)
  3370 | D:4      | Killed Holiday's ghost
  3370 | D:4      | Reached XP level 7. HP: 48/48 MP: 7/7
  3725 | D:4      | Found a deep blue altar of Sif Muna.
  4301 | D:4      | Found an ancient bone altar of Kikubaaqudgha.
  4408 | D:5      | Entered Level 5 of the Dungeon
  4410 | D:5      | Noticed Eustachio
  4415 | D:5      | Killed Eustachio
  4415 | D:5      | Reached XP level 8. HP: 54/54 MP: 5/8
  4466 | D:5      | Found a glowing drain.
  4485 | D:5      | Reached *** piety under Trog
  4485 | D:5      | Reached skill level 5 in Stealth
  4496 | Sewer    | Entered a sewer
  4599 | Sewer    | Reached skill level 5 in Dodging
  4599 | Sewer    | Reached skill level 5 in Shields
  4640 | Sewer    | Reached skill level 5 in Fighting
  4689 | Sewer    | Reached skill level 5 in Axes
  5200 | D:5      | Reached **** piety under Trog
  5543 | D:5      | Reached XP level 9. HP: 24/62 MP: 9/9
  5546 | D:5      | HP: 3/62 [gnoll/spear (5)]
  5546 | D:5      | Slain by a gnoll shaman

Skill      XL: |  1  2  3  4  5  6  7  8 |
---------------+-------------------------+-----
Stealth        | 1 2 3 4 5 |  5.8
Shields        | 1 2 3 4 5 |  5.7
Dodging        | 4 5 |  5.8
Fighting       | 4 5 |  5.7
Axes           | 4 5 |  5.6

Action                   |  1- 3 |  4- 6 |  7- 9 || total
-------------------------+-------+-------+-------++-------
Melee: Hand axe          |    34 |    31 |       ||    65
       Constrict         |    11 |    15 |    36 ||    62
       Tentacles         |     6 |    12 |    33 ||    51
       War axe           |       |    49 |   140 ||   189
Invok: Berserk           |     1 |     2 |     5 ||     8
       Trog's Hand       |       |     2 |     2 ||     4
 Stab: Sleeping          |     4 |    10 |     7 ||    21
  Eat: Chunk             |       |    10 |     6 ||    16
       Ration            |       |       |     2 ||     2
Armor: Skin              |     3 |     2 |     4 ||     9
Dodge: Dodged            |    22 |    35 |    65 ||   122
Block: Shield            |       |    17 |   141 ||   158
       Reflection        |       |       |     4 ||     4
